TOP OF THE 1ST |
Connecticut Tigers batting - Pitching for Mahoning Valley Scrappers : LHP Angel Contreras
|
Pitching: LHP Angel Contreras
|
|
Batting: LHB Timotheus Young
|
0-0: Ball 1-0: Called Strike 1-1: Ball 2-1: Ball 3-1: Foul Ball, location: 2F 3-2: Strikes out swinging
|
Batting: RHB Tony Nunez
|
0-0: DOUBLE (Flyball, 78D, EV 97.5 MPH)
|
Batting: SHB Sean Foley
|
0-0: Foul Ball, location: 2F 0-1: Ground out 5-3 (Groundball, 56S, EV 93.8 MPH)
|
Batting: RHB Juan Acero
|
0-0: Called Strike 0-1: Ball 1-1: Ball 2-1: Ball 3-1: Foul Ball, location: 2F 3-2: SINGLE (Groundball, 6MD, EV 97.5 MPH) Tony Nunez to third Runner from 3rd tries for Home, SAFE, throw by CF to home
|
Batting: SHB Ronnie Lundy
|
0-0: Ball 1-0: Called Strike 1-1: Ball 2-1: Foul Ball, location: 2F 2-2: Ball 3-2: Foul Ball, location: 2F 3-2: SINGLE (Popup, 4MD, EV 66.2 MPH) Juan Acero to second Juan Acero to third
|
Batting: SHB Isaiah Bias
|
0-0: Called Strike 0-1: Foul Ball, location: 2F 0-2: SINGLE (Groundball, 25, EV 66.2 MPH) (infield hit) Juan Acero scores Ronnie Lundy to second
|
Batting: SHB Ryohei Nakano
|
0-0: Ball 1-0: Ball 2-0: Ball 3-0: Called Strike 3-1: Foul Ball, location: 2F 3-2: DOUBLE (Line Drive, 3D, EV 98.8 MPH) Ronnie Lundy scores Isaiah Bias to third Isaiah Bias scores
|
Batting: RHB Jordan Hall
|
0-0: Called Strike 0-1: DOUBLE (Groundball, 3L, EV 95.0 MPH) Ryohei Nakano scores
|
Batting: RHB Seth Fox
|
0-0: Called Strike 0-1: Ground out 5-3 (Groundball, 56, EV 103.1 MPH)
|
Top of the 1st over - 5 runs, 6 hits, 0 errors, 1 left on base; Connecticut 5 - Mahoning Valley 0 |
BOTTOM OF THE 1ST |
Mahoning Valley Scrappers batting - Pitching for Connecticut Tigers : LHP Randolph Main
|
Pitching: LHP Randolph Main
|
|
Batting: LHB Kazuyoshi Nakamura
|
0-0: Ball 1-0: Ball 2-0: Called Strike 2-1: Ball 3-1: Base on Balls
|
Batting: LHB Ben Rubenacker
|
0-0: Ball 1-0: Foul Ball, location: 2F 1-1: Ball 2-1: Called Strike Kazuyoshi Nakamura is caught stealing 2nd base 2-6 2-2: Foul Ball, location: 2F 2-2: Ground out U3 (Groundball, 34, EV 105.6 MPH)
|
Batting: LHB Hirakito Herring
|
0-0: Swinging Strike 0-1: Foul Ball, location: 2F 0-2: Ball 1-2: Ball 2-2: Foul Ball, location: 2F 2-2: Ball 3-2: Reached on error, E4 (Groundball, 4, EV 101.2 MPH)
|
Batting: RHB Chris Folse
|
0-0: Called Strike Pickoff Throw by Catcher to First - Out!
|
Bottom of the 1st over - 0 runs, 0 hits, 1 error, 0 left on base; Connecticut 5 - Mahoning Valley 0 |
TOP OF THE 2ND |
Connecticut Tigers batting - Pitching for Mahoning Valley Scrappers : LHP Angel Contreras
|
Batting: LHB Timotheus Young
|
0-0: Ground out U3 (Groundball, 3, EV 98.1 MPH)
|
Batting: RHB Tony Nunez
|
0-0: Ball 1-0: Called Strike 1-1: Ball 2-1: DOUBLE (Line Drive, 7LM, EV 92.5 MPH)
|
Batting: SHB Sean Foley
|
0-0: Swinging Strike 0-1: Ball 1-1: Foul Ball, location: 2F 1-2: SINGLE (Groundball, 4M, EV 103.1 MPH) (infield hit) Tony Nunez to third
|
Pitching: RHP Adam Sullivan
|
|
Batting: RHB Juan Acero
|
0-0: Ball Sean Foley steals 2nd base 1-0: Ball 2-0: Fly out, F9 (Flyball, 89M, EV 84.4 MPH)
|
Batting: SHB Ronnie Lundy
|
0-0: Called Strike 0-1: Ball 1-1: Ball 2-1: Called Strike 2-2: Ground out 6-3 (Groundball, 6, EV 83.1 MPH)
|
Top of the 2nd over - 0 runs, 2 hits, 0 errors, 2 left on base; Connecticut 5 - Mahoning Valley 0 |
BOTTOM OF THE 2ND |
Mahoning Valley Scrappers batting - Pitching for Connecticut Tigers : LHP Randolph Main
|
Batting: RHB Chris Folse
|
0-0: Ball 1-0: Ground out 5-3 (Groundball, 56, EV 106.9 MPH)
|
Batting: LHB Dave Key
|
0-0: Called Strike 0-1: Ball 1-1: Swinging Strike 1-2: Ball 2-2: Foul Ball, location: 2F 2-2: Ball 3-2: Foul Ball, location: 2F 3-2: Fly out, F7 (Flyball, 7S, EV 78.1 MPH)
|
Batting: RHB Jose Argueta
|
0-0: Ball 1-0: Foul Ball, location: 2F 1-1: Ground out 5-3 (Groundball, 56S, EV 87.5 MPH)
|
Bottom of the 2nd over - 0 runs, 0 hits, 0 errors, 0 left on base; Connecticut 5 - Mahoning Valley 0 |
TOP OF THE 3RD |
Connecticut Tigers batting - Pitching for Mahoning Valley Scrappers : RHP Adam Sullivan
|
Batting: SHB Isaiah Bias
|
0-0: Fly out, F7 (Flyball, 7LM, EV 92.5 MPH)
|
Batting: SHB Ryohei Nakano
|
0-0: Ball 1-0: Called Strike 1-1: Foul Ball, location: 2F 1-2: Ball 2-2: Fly out, F9 (Flyball, 9D, EV 95.6 MPH)
|
Batting: RHB Jordan Hall
|
0-0: Ball 1-0: Ball 2-0: Ball 3-0: Called Strike 3-1: Called Strike 3-2: Foul Ball, location: 2F 3-2: Foul Ball, location: 2F 3-2: Fly out, F8 (Flyball, 8LD, EV 83.8 MPH)
|
Top of the 3rd over - 0 runs, 0 hits, 0 errors, 0 left on base; Connecticut 5 - Mahoning Valley 0 |
BOTTOM OF THE 3RD |
Mahoning Valley Scrappers batting - Pitching for Connecticut Tigers : LHP Randolph Main
|
Batting: LHB Rich Walker
|
0-0: Ground out 4-3 (Groundball, 4, EV 75.6 MPH)
|
Batting: RHB Andy Lewis
|
0-0: Ball 1-0: Reached on error, E6 (Groundball, 6, EV 110.0 MPH)
|
Batting: RHB John Bianconi
|
0-0: Swinging Strike 0-1: Fielders Choice at 2nd, 4-6 (Groundball, 34, EV 83.1 MPH)
|
Batting: LHB Kazuyoshi Nakamura
|
0-0: Called Strike 0-1: Ball 1-1: Foul Ball, location: 2F 1-2: Fly out, F9 (Flyball, 9, EV 89.4 MPH)
|
Bottom of the 3rd over - 0 runs, 0 hits, 1 error, 1 left on base; Connecticut 5 - Mahoning Valley 0 |
TOP OF THE 4TH |
Connecticut Tigers batting - Pitching for Mahoning Valley Scrappers : RHP Adam Sullivan
|
Batting: RHB Seth Fox
|
0-0: Ball 1-0: Ground out 5-3 (Groundball, 56, EV 96.9 MPH)
|
Batting: LHB Timotheus Young
|
0-0: Called Strike 0-1: Foul Ball, location: 2F 0-2: Strikes out swinging
|
Batting: RHB Tony Nunez
|
0-0: Ball 1-0: Swinging Strike 1-1: Ball 2-1: Called Strike 2-2: Ball 3-2: Foul Ball, location: 2F 3-2: Strikes out swinging
|
Top of the 4th over - 0 runs, 0 hits, 0 errors, 0 left on base; Connecticut 5 - Mahoning Valley 0 |
BOTTOM OF THE 4TH |
Mahoning Valley Scrappers batting - Pitching for Connecticut Tigers : LHP Randolph Main
|
Batting: LHB Ben Rubenacker
|
0-0: Ball 1-0: Ball 2-0: Called Strike 2-1: Foul Ball, location: 2F 2-2: Ball 3-2: Fly out, F8 (Line Drive, 8RD, EV 91.2 MPH)
|
Batting: LHB Hirakito Herring
|
0-0: Swinging Strike 0-1: Ball 1-1: Swinging Strike 1-2: Strikes out swinging
|
Batting: RHB Chris Folse
|
0-0: Foul Ball, location: 2F 0-1: Ball 1-1: Swinging Strike 1-2: Ground out 6-3 (Groundball, 6, EV 85.6 MPH)
|
Bottom of the 4th over - 0 runs, 0 hits, 0 errors, 0 left on base; Connecticut 5 - Mahoning Valley 0 |
TOP OF THE 5TH |
Connecticut Tigers batting - Pitching for Mahoning Valley Scrappers : RHP Adam Sullivan
|
Batting: SHB Sean Foley
|
0-0: Ball 1-0: Foul Ball, location: 2F 1-1: DOUBLE (Groundball, 5L, EV 107.5 MPH)
|
Batting: RHB Juan Acero
|
0-0: Ball 1-0: Called Strike 1-1: Reached on error, E5 (Groundball, 56, EV 79.4 MPH) Sean Foley to third
|
Batting: SHB Ronnie Lundy
|
0-0: Swinging Strike 0-1: Swinging Strike 0-2: Foul Ball, location: 2F 0-2: Ball 1-2: Ball 2-2: Ball 3-2: Grounds into double play, 4-6-3 (Groundball, 4, EV 91.2 MPH) Sean Foley scores
|
Batting: SHB Isaiah Bias
|
0-0: Called Strike 0-1: Fly out, F7 (Flyball, 78S, EV 90.0 MPH)
|
Top of the 5th over - 1 run, 1 hit, 1 error, 0 left on base; Connecticut 6 - Mahoning Valley 0 |
BOTTOM OF THE 5TH |
Mahoning Valley Scrappers batting - Pitching for Connecticut Tigers : LHP Randolph Main
|
Batting: LHB Dave Key
|
0-0: Ball 1-0: SINGLE (Groundball, 34D, EV 98.1 MPH) (infield hit)
|
Batting: RHB Jose Argueta
|
0-0: Foul Ball, location: 2F 0-1: Called Strike 0-2: Ball 1-2: Fielders Choice at 2nd, 6-4 (Groundball, 6, EV 101.9 MPH)
|
Batting: LHB Rich Walker
|
0-0: Ball 1-0: Fly out, F2 (Popup, 2RF, EV 86.9 MPH)
|
Batting: RHB Andy Lewis
|
0-0: Ball 1-0: Called Strike 1-1: Ball 2-1: SINGLE (Groundball, 56, EV 98.1 MPH) Jose Argueta to second
|
Batting: RHB John Bianconi
|
0-0: Foul Ball, location: 2F 0-1: Ball 1-1: Ground out 2-3 (Groundball, 2R, EV 69.4 MPH)
|
Bottom of the 5th over - 0 runs, 2 hits, 0 errors, 2 left on base; Connecticut 6 - Mahoning Valley 0 |
TOP OF THE 6TH |
Connecticut Tigers batting - Pitching for Mahoning Valley Scrappers : RHP Adam Sullivan
|
Batting: SHB Ryohei Nakano
|
0-0: Ground out 4-3 (Groundball, 4, EV 84.4 MPH)
|
Batting: RHB Jordan Hall
|
0-0: Called Strike 0-1: Foul Ball, location: 2F 0-2: Ground out 6-3 (Groundball, 6, EV 81.9 MPH)
|
Batting: RHB Seth Fox
|
0-0: Ball 1-0: Swinging Strike 1-1: Ball 2-1: Swinging Strike 2-2: Ball 3-2: Ground out 5-3 (Groundball, 56S, EV 79.4 MPH)
|
Top of the 6th over - 0 runs, 0 hits, 0 errors, 0 left on base; Connecticut 6 - Mahoning Valley 0 |
BOTTOM OF THE 6TH |
Mahoning Valley Scrappers batting - Pitching for Connecticut Tigers : LHP Randolph Main
|
Batting: LHB Kazuyoshi Nakamura
|
0-0: Ball 1-0: SINGLE (Groundball, 3S, EV 66.9 MPH) (infield hit)
|
Batting: LHB Ben Rubenacker
|
0-0: Called Strike 0-1: Ball 1-1: Ball 2-1: Ball Kazuyoshi Nakamura is caught stealing 2nd base 2-6 3-1: DOUBLE (Line Drive, 78D, EV 105.0 MPH)
|
Batting: LHB Hirakito Herring
|
0-0: Ball 1-0: Swinging Strike 1-1: Ball 2-1: Ground out 1-3 (Groundball, 34S, EV 75.6 MPH) Ben Rubenacker to third
|
Batting: RHB Chris Folse
|
0-0: SINGLE (Groundball, 6M, EV 90.6 MPH) (infield hit) Ben Rubenacker scores
|
Batting: LHB Dave Key
|
0-0: Ground out 5-3 (Groundball, 56S, EV 85.6 MPH)
|
Bottom of the 6th over - 1 run, 3 hits, 0 errors, 1 left on base; Connecticut 6 - Mahoning Valley 1 |
TOP OF THE 7TH |
Connecticut Tigers batting - Pitching for Mahoning Valley Scrappers : RHP Adam Sullivan
|
Batting: LHB Timotheus Young
|
0-0: SINGLE (Line Drive, 3D, EV 94.4 MPH)
|
Pitching: RHP Rainer Von Croy
|
|
Batting: RHB Tony Nunez
|
Balk! Timotheus Young to second 0-0: Ground out 6-3 (Groundball, 6, EV 100.6 MPH)
|
Batting: SHB Sean Foley
|
0-0: Called Strike Timotheus Young steals 3rd base 0-1: Ball 1-1: Swinging Strike 1-2: Ball 2-2: Foul Ball, location: 2F 2-2: Strikes out looking
|
Batting: RHB Juan Acero
|
0-0: Called Strike 0-1: Swinging Strike 0-2: Foul Ball, location: 2F 0-2: Strikes out swinging
|
Top of the 7th over - 0 runs, 1 hit, 0 errors, 1 left on base; Connecticut 6 - Mahoning Valley 1 |
BOTTOM OF THE 7TH |
Mahoning Valley Scrappers batting - Pitching for Connecticut Tigers : LHP Randolph Main
|
Pitching: LHP Jayden Carey
|
|
Batting: RHB Jose Argueta
|
0-0: Called Strike 0-1: Ball 1-1: Swinging Strike 1-2: SINGLE (Flyball, 7LS, EV 95.0 MPH)
|
Batting: LHB Rich Walker
|
0-0: Called Strike 0-1: Swinging Strike 0-2: Ball 1-2: Fielders Choice at 2nd, U6 (Groundball, 6MS, EV 81.2 MPH)
|
Batting: RHB Andy Lewis
|
0-0: Ball 1-0: Ball 2-0: Ball 3-0: Base on Balls Rich Walker to second
|
Batting: RHB John Bianconi
|
0-0: Ball 1-0: DOUBLE (Line Drive, 78XD, EV 111.9 MPH) Rich Walker scores Andy Lewis to third
|
Pinch Hitting: RHB Leo Candelas
|
0-0: Ball 1-0: Ball 2-0: Ball 3-0: Base on Balls
|
Pinch Hitting: RHB Harris Leroux
|
0-0: Ball 1-0: Ball 2-0: Called Strike 2-1: Grounds into fielders choice 3-2 (Groundball, 34, EV 91.9 MPH) John Bianconi to third Leo Candelas to second
|
Batting: RHB Tacito Carreiro
|
0-0: Ball 1-0: Called Strike 1-1: Ball 2-1: Swinging Strike 2-2: Ball 3-2: Base on Balls John Bianconi scores Leo Candelas to third Harris Leroux to second
|
Pitching: RHP Efrain Diaz
|
|
Pinch Hitting: LHB Brandon Hopper
|
0-0: Ball 1-0: Foul Ball, location: 2F 1-1: Ball 2-1: Ball 3-1: Base on Balls Leo Candelas scores Harris Leroux to third Tacito Carreiro to second
|
Pitching: RHP Denzel McPherson
|
|
Batting: LHB Dave Key
|
0-0: DOUBLE (Line Drive, 8LXD, EV 114.4 MPH) Harris Leroux scores Tacito Carreiro scores Brandon Hopper to third
|
Pinch Hitting: LHB Matt Steinke
|
0-0: Called Strike 0-1: Called Strike 0-2: Strikes out swinging
|
Bottom of the 7th over - 5 runs, 3 hits, 0 errors, 2 left on base; Connecticut 6 - Mahoning Valley 6 |
TOP OF THE 8TH |
Connecticut Tigers batting - Pitching for Mahoning Valley Scrappers : RHP Rainer Von Croy
|
Now at 1B: Kevin Wiles
|
|
Now at 2B: Reynaldo Herrera
|
|
Now in LF: Devon Grant
|
|
Now in RF: Brandon Hopper
|
|
Batting: SHB Ronnie Lundy
|
0-0: Ball 1-0: Ball 2-0: Called Strike 2-1: Ball 3-1: Base on Balls
|
Batting: SHB Isaiah Bias
|
0-0: Bunt missed! 0-1: Bunt missed! 0-2: Foul Ball, location: 2F 0-2: Strikes out looking
|
Batting: SHB Ryohei Nakano
|
0-0: Ball 1-0: Ball 2-0: Ball 3-0: Called Strike 3-1: SINGLE (Line Drive, 78S, EV 95.0 MPH) Ronnie Lundy to second
|
Pinch Hitting: LHB Iestyn Peacock
|
0-0: Ball 1-0: Called Strike 1-1: Called Strike 1-2: Strikes out swinging
|
Batting: RHB Seth Fox
|
0-0: Swinging Strike 0-1: Ball 1-1: Called Strike 1-2: Ball 2-2: Strikes out swinging
|
Top of the 8th over - 0 runs, 1 hit, 0 errors, 2 left on base; Connecticut 6 - Mahoning Valley 6 |
BOTTOM OF THE 8TH |
Mahoning Valley Scrappers batting - Pitching for Connecticut Tigers : RHP Denzel McPherson
|
Now at 3B: Zach Rose
|
|
Batting: LHB Rich Walker
|
0-0: SINGLE (Line Drive, 89M, EV 95.6 MPH)
|
Pinch Hitting: LHB Vinny Carreno
|
0-0: Ball 1-0: Ball Rich Walker is caught stealing 2nd base 2-6 2-0: Foul Ball, location: 2F 2-1: Called Strike 2-2: Strikes out swinging
|
Pinch Hitting: LHB Dustin Taylor
|
0-0: Ball 1-0: Ball 2-0: Called Strike 2-1: Foul Ball, location: 2F 2-2: Ball 3-2: Ground out 6-3 (Groundball, 6M, EV 79.4 MPH)
|
Bottom of the 8th over - 0 runs, 1 hit, 0 errors, 0 left on base; Connecticut 6 - Mahoning Valley 6 |
TOP OF THE 9TH |
Connecticut Tigers batting - Pitching for Mahoning Valley Scrappers : RHP Rainer Von Croy
|
Pitching: RHP Leo Loetzsch
|
|
Now at SS: Ricky Cordova
|
|
Now in CF: Jonathan Livingston
|
|
Batting: LHB Timotheus Young
|
0-0: Ground out 5-3 (Groundball, 5, EV 81.9 MPH)
|
Batting: RHB Tony Nunez
|
0-0: Ball 1-0: Ball 2-0: Called Strike 2-1: Called Strike 2-2: Foul Ball, location: 2F 2-2: Ball 3-2: Foul Ball, location: 2F 3-2: Foul Ball, location: 2F 3-2: Strikes out swinging
|
Batting: SHB Sean Foley
|
0-0: Ball 1-0: Swinging Strike 1-1: Called Strike 1-2: Ball 2-2: Strikes out swinging
|
Top of the 9th over - 0 runs, 0 hits, 0 errors, 0 left on base; Connecticut 6 - Mahoning Valley 6 |
BOTTOM OF THE 9TH |
Mahoning Valley Scrappers batting - Pitching for Connecticut Tigers : RHP Denzel McPherson
|
Batting: RHB Kevin Wiles
|
0-0: Ball 1-0: Called Strike 1-1: Ball 2-1: Foul Ball, location: 2F 2-2: Strikes out swinging
|
Batting: LHB Devon Grant
|
0-0: Ball 1-0: Ball 2-0: Called Strike 2-1: Ground out 6-3 (Groundball, 6M, EV 106.2 MPH)
|
Batting: SHB Travis Burnett
|
0-0: Called Strike 0-1: Foul Ball, location: 2F 0-2: Ball 1-2: Foul Ball, location: 2F 1-2: Strikes out swinging
|
Bottom of the 9th over - 0 runs, 0 hits, 0 errors, 0 left on base; Connecticut 6 - Mahoning Valley 6 |
TOP OF THE 10TH |
Connecticut Tigers batting - Pitching for Mahoning Valley Scrappers : RHP Leo Loetzsch
|
Batting: RHB Juan Acero
|
0-0: Called Strike 0-1: Ball 1-1: Foul Ball, location: 2F 1-2: Ball 2-2: Strikes out swinging
|
Batting: SHB Ronnie Lundy
|
0-0: Called Strike 0-1: Called Strike 0-2: Strikes out swinging
|
Batting: SHB Isaiah Bias
|
0-0: Called Strike 0-1: Called Strike 0-2: Foul Ball, location: 2F 0-2: Strikes out swinging
|
Top of the 10th over - 0 runs, 0 hits, 0 errors, 0 left on base; Connecticut 6 - Mahoning Valley 6 |
BOTTOM OF THE 10TH |
Mahoning Valley Scrappers batting - Pitching for Connecticut Tigers : RHP Denzel McPherson
|
Batting: LHB Brandon Hopper
|
0-0: Foul Ball, location: 2F 0-1: Ball 1-1: Ball 2-1: Foul Ball, location: 2F 2-2: Foul Ball, location: 2F 2-2: Ball 3-2: Fly out, F4 (Popup, 4MS, EV 70.0 MPH)
|
Batting: LHB Dave Key
|
0-0: Ball 1-0: Swinging Strike 1-1: Swinging Strike 1-2: Strikes out swinging passed ball, reaches first!
|
Batting: RHB Reynaldo Herrera
|
0-0: Ball Pickoff Throw to First - Out! 1-3 CS 1-0: Foul Ball, location: 2F 1-1: Called Strike 1-2: Strikes out swinging
|
Bottom of the 10th over - 0 runs, 0 hits, 0 errors, 0 left on base; Connecticut 6 - Mahoning Valley 6 |
TOP OF THE 11TH |
Connecticut Tigers batting - Pitching for Mahoning Valley Scrappers : RHP Leo Loetzsch
|
Batting: SHB Ryohei Nakano
|
0-0: Foul Ball, location: 2F 0-1: Foul Ball, location: 2F 0-2: Hit by Pitch
|
Batting: LHB Zach Rose
|
0-0: Ball Ryohei Nakano steals 2nd base (no throw) 1-0: Called Strike 1-1: Swinging Strike 1-2: Ball Wild Pitch! Ryohei Nakano to third 2-2: Ball 3-2: Foul Ball, location: 2F 3-2: Strikes out swinging
|
Batting: RHB Seth Fox
|
0-0: Fly out, F8 (Flyball, 8RS, EV 88.8 MPH)
|
Batting: LHB Timotheus Young
|
0-0: Intentional Walk
|
Batting: RHB Tony Nunez
|
0-0: Ball 1-0: Foul Ball, location: 2F 1-1: Ball 2-1: Swinging Strike 2-2: Strikes out looking
|
Top of the 11th over - 0 runs, 0 hits, 0 errors, 2 left on base; Connecticut 6 - Mahoning Valley 6 |
BOTTOM OF THE 11TH |
Mahoning Valley Scrappers batting - Pitching for Connecticut Tigers : RHP Denzel McPherson
|
Batting: LHB Rich Walker
|
0-0: Ball 1-0: Foul Ball, location: 2F 1-1: Foul Ball, location: 2F 1-2: Strikes out swinging
|
Batting: RHB Jonathan Livingston
|
0-0: Foul Ball, location: 2F 0-1: TRIPLE (Line Drive, 89XD, EV 105.6 MPH)
|
Batting: RHB Ricky Cordova
|
0-0: Swinging Strike 0-1: Ball 1-1: Ball 2-1: Fly out, F7 (Flyball, 7, EV 93.1 MPH)
|
Batting: RHB Kevin Wiles
|
0-0: Swinging Strike 0-1: Ball 1-1: Ball 2-1: Called Strike 2-2: Strikes out swinging
|
Bottom of the 11th over - 0 runs, 1 hit, 0 errors, 1 left on base; Connecticut 6 - Mahoning Valley 6 |
TOP OF THE 12TH |
Connecticut Tigers batting - Pitching for Mahoning Valley Scrappers : RHP Leo Loetzsch
|
Batting: SHB Sean Foley
|
0-0: Foul Ball, location: 2F 0-1: Foul Ball, location: 2F 0-2: Strikes out swinging
|
Batting: RHB Juan Acero
|
0-0: Ball 1-0: Ball 2-0: Ball 3-0: Called Strike 3-1: Foul Ball, location: 2F 3-2: Fly out, F7 (Flyball, 78S, EV 89.4 MPH)
|
Batting: SHB Ronnie Lundy
|
0-0: Ball 1-0: Called Strike 1-1: Called Strike 1-2: Foul Ball, location: 2F 1-2: Ball 2-2: Ball 3-2: Strikes out swinging
|
Top of the 12th over - 0 runs, 0 hits, 0 errors, 0 left on base; Connecticut 6 - Mahoning Valley 6 |
BOTTOM OF THE 12TH |
Mahoning Valley Scrappers batting - Pitching for Connecticut Tigers : RHP Denzel McPherson
|
Pitching: LHP Estêvão Cavadas
|
|
Pinch Hitting: RHB Ricky Butts
|
0-0: Reached on error, E6 (Groundball, 6, EV 93.1 MPH)
|
Batting: SHB Travis Burnett
|
0-0: Grounds into double play, 1-4-3 (Groundball, 25, EV 70.0 MPH)
|
Pinch Hitting: RHB Nick Gossman
|
0-0: Ball 1-0: Called Strike 1-1: Ball 2-1: Foul Ball, location: 2F 2-2: Fly out, F4 (Line Drive, 4M, EV 67.5 MPH)
|
Bottom of the 12th over - 0 runs, 0 hits, 1 error, 0 left on base; Connecticut 6 - Mahoning Valley 6 |
TOP OF THE 13TH |
Connecticut Tigers batting - Pitching for Mahoning Valley Scrappers : RHP Leo Loetzsch
|
Pitching: RHP Ignacio Gomez
|
|
Now in LF: Jesus Montana
|
|
Now in RF: Shane Montalvo
|
|
Batting: SHB Isaiah Bias
|
0-0: Called Strike 0-1: Foul Ball, location: 2F 0-2: Ball 1-2: Fly out, F7 (Flyball, 7, EV 92.5 MPH)
|
Batting: SHB Ryohei Nakano
|
0-0: Ball 1-0: Ball 2-0: Ball 3-0: Foul Ball, location: 2F 3-1: Foul Ball, location: 2F 3-2: Strikes out swinging
|
Batting: LHB Zach Rose
|
0-0: Called Strike 0-1: Ball 1-1: Foul Ball, location: 2F 1-2: Fly out, F7 (Flyball, 78S, EV 89.4 MPH)
|
Top of the 13th over - 0 runs, 0 hits, 0 errors, 0 left on base; Connecticut 6 - Mahoning Valley 6 |
BOTTOM OF THE 13TH |
Mahoning Valley Scrappers batting - Pitching for Connecticut Tigers : LHP Estêvão Cavadas
|
Pinch Hitting: RHB Bill Ortiz
|
0-0: Called Strike 0-1: Ball 1-1: Fly out, F7 (Flyball, 7, EV 85.0 MPH)
|
Batting: RHB Reynaldo Herrera
|
0-0: Ball 1-0: Ball 2-0: Called Strike 2-1: Ground out U3 (Groundball, 34S, EV 75.6 MPH)
|
Batting: LHB Rich Walker
|
0-0: Ball 1-0: Ball 2-0: Foul Ball, location: 2F 2-1: Foul Ball, location: 2F 2-2: Strikes out swinging
|
Bottom of the 13th over - 0 runs, 0 hits, 0 errors, 0 left on base; Connecticut 6 - Mahoning Valley 6 |
TOP OF THE 14TH |
Connecticut Tigers batting - Pitching for Mahoning Valley Scrappers : RHP Ignacio Gomez
|
Now at 3B: Jaquan Brown
|
|
Batting: RHB Seth Fox
|
0-0: Called Strike 0-1: Ball 1-1: Ball 2-1: Swinging Strike 2-2: Ball 3-2: Strikes out swinging
|
Batting: LHB Timotheus Young
|
0-0: Swinging Strike 0-1: Foul Ball, location: 2F 0-2: Foul Ball, location: 2F 0-2: Strikes out swinging
|
Batting: RHB Tony Nunez
|
0-0: Ball 1-0: Ball 2-0: Ball 3-0: Called Strike 3-1: Foul Ball, location: 2F 3-2: Foul Ball, location: 2F 3-2: TRIPLE (Flyball, 8RXD, EV 97.5 MPH)
|
Batting: SHB Sean Foley
|
0-0: Ball 1-0: Called Strike 1-1: Foul Ball, location: 2F 1-2: Strikes out looking
|
Top of the 14th over - 0 runs, 1 hit, 0 errors, 1 left on base; Connecticut 6 - Mahoning Valley 6 |
BOTTOM OF THE 14TH |
Mahoning Valley Scrappers batting - Pitching for Connecticut Tigers : LHP Estêvão Cavadas
|
Batting: RHB Jonathan Livingston
|
0-0: Called Strike 0-1: Ball 1-1: Foul Ball, location: 2F 1-2: Ball 2-2: SINGLE (Groundball, 6MD, EV 94.4 MPH)
|
Pitching: LHP Satoru Mori
|
|
Batting: RHB Ricky Cordova
|
0-0: Called Strike Jonathan Livingston is caught stealing 2nd base 2-4 0-1: Fly out, F7 (Flyball, 7LM, EV 81.9 MPH)
|
Batting: RHB Kevin Wiles
|
0-0: Ball 1-0: Ball 2-0: Called Strike 2-1: Ground out 5-3 (Groundball, 5, EV 87.5 MPH)
|
Bottom of the 14th over - 0 runs, 1 hit, 0 errors, 0 left on base; Connecticut 6 - Mahoning Valley 6 |
TOP OF THE 15TH |
Connecticut Tigers batting - Pitching for Mahoning Valley Scrappers : RHP Ignacio Gomez
|
Batting: RHB Juan Acero
|
0-0: Ball 1-0: Ball 2-0: Called Strike 2-1: Foul Ball, location: 2F 2-2: Strikes out looking
|
Batting: SHB Ronnie Lundy
|
0-0: Ball 1-0: Ball 2-0: Called Strike 2-1: Fly out, F6 (Popup, 6M, EV 76.2 MPH)
|
Batting: SHB Isaiah Bias
|
0-0: Swinging Strike 0-1: Called Strike 0-2: Ball 1-2: Foul Ball, location: 2F 1-2: Strikes out looking
|
Top of the 15th over - 0 runs, 0 hits, 0 errors, 0 left on base; Connecticut 6 - Mahoning Valley 6 |
BOTTOM OF THE 15TH |
Mahoning Valley Scrappers batting - Pitching for Connecticut Tigers : LHP Satoru Mori
|
Pinch Hitting: RHB Jason Roberts
|
0-0: Called Strike 0-1: Ball 1-1: Ball 2-1: Ground out U3 (Groundball, 13, EV 90.0 MPH)
|
Batting: SHB Travis Burnett
|
0-0: Called Strike 0-1: Ground out 5-3 (Groundball, 56, EV 81.2 MPH)
|
Batting: RHB Jesus Montana
|
0-0: Called Strike 0-1: Ball 1-1: Ground out 4-3 (Groundball, 4, EV 86.2 MPH)
|
Bottom of the 15th over - 0 runs, 0 hits, 0 errors, 0 left on base; Connecticut 6 - Mahoning Valley 6 |
TOP OF THE 16TH |
Connecticut Tigers batting - Pitching for Mahoning Valley Scrappers : RHP Ignacio Gomez
|
Pitching: RHP Danny Roe
|
|
Now in RF: Jason Roberts
|
|
Batting: SHB Ryohei Nakano
|
0-0: Ball 1-0: SINGLE (Flyball, 56D, EV 97.5 MPH)
|
Batting: LHB Zach Rose
|
0-0: Ball 1-0: Sac Bunt to 25 - play at first, batter OUT! 5-3 Ryohei Nakano to second
|
Pinch Hitting: LHB Tokugoro Adachi
|
0-0: Ball 1-0: Ground out 1-3 (Groundball, 13S, EV 63.8 MPH) Ryohei Nakano to third
|
Batting: LHB Timotheus Young
|
0-0: Intentional Walk
|
Batting: RHB Tony Nunez
|
0-0: Called Strike Timotheus Young steals 2nd base (no throw) 0-1: Ball 1-1: Foul Ball, location: 2F 1-2: Ball 2-2: Strikes out looking
|
Top of the 16th over - 0 runs, 1 hit, 0 errors, 2 left on base; Connecticut 6 - Mahoning Valley 6 |
BOTTOM OF THE 16TH |
Mahoning Valley Scrappers batting - Pitching for Connecticut Tigers : LHP Satoru Mori
|
Now in RF: Dustin Bursell
|
|
Batting: RHB Jaquan Brown
|
0-0: Swinging Strike 0-1: Fly out, F8 (Flyball, 8RXD, EV 101.2 MPH)
|
Batting: RHB Reynaldo Herrera
|
0-0: Ball 1-0: Swinging Strike 1-1: Swinging Strike 1-2: Fly out, F7 (Flyball, 7D, EV 84.4 MPH)
|
Pitching: RHP Bert Hernandez
|
|
Batting: LHB Rich Walker
|
0-0: Ball 1-0: Called Strike 1-1: Foul Ball, location: 2F 1-2: Ball 2-2: Foul Ball, location: 2F 2-2: Ball 3-2: Base on Balls
|
Batting: RHB Jonathan Livingston
|
0-0: Swinging Strike 0-1: Foul Ball, location: 2F 0-2: Strikes out swinging
|
Bottom of the 16th over - 0 runs, 0 hits, 0 errors, 1 left on base; Connecticut 6 - Mahoning Valley 6 |
TOP OF THE 17TH |
Connecticut Tigers batting - Pitching for Mahoning Valley Scrappers : RHP Danny Roe
|
Batting: SHB Sean Foley
|
0-0: Ball 1-0: Foul Ball, location: 2F 1-1: Swinging Strike 1-2: Ball 2-2: Ball 3-2: Ground out 3-1 (Groundball, 34, EV 101.9 MPH)
|
Batting: RHB Juan Acero
|
0-0: Foul Ball, location: 2F 0-1: Ball 1-1: Ball 2-1: Swinging Strike 2-2: Strikes out swinging
|
Batting: SHB Ronnie Lundy
|
0-0: Called Strike 0-1: Ground out U3 (Groundball, 3, EV 84.4 MPH)
|
Top of the 17th over - 0 runs, 0 hits, 0 errors, 0 left on base; Connecticut 6 - Mahoning Valley 6 |
BOTTOM OF THE 17TH |
Mahoning Valley Scrappers batting - Pitching for Connecticut Tigers : RHP Bert Hernandez
|
Batting: RHB Ricky Cordova
|
0-0: Ball 1-0: Swinging Strike 1-1: Called Strike 1-2: Ball 2-2: Fly out, F8 (Flyball, 8LXD, EV 81.2 MPH)
|
Batting: RHB Kevin Wiles
|
0-0: Fly out, F8 (Flyball, 89M, EV 83.1 MPH)
|
Batting: RHB Jason Roberts
|
0-0: Ball 1-0: Ground out 6-3 (Groundball, 6, EV 90.6 MPH)
|
Bottom of the 17th over - 0 runs, 0 hits, 0 errors, 0 left on base; Connecticut 6 - Mahoning Valley 6 |
TOP OF THE 18TH |
Connecticut Tigers batting - Pitching for Mahoning Valley Scrappers : RHP Danny Roe
|
Batting: SHB Isaiah Bias
|
0-0: Foul Ball, location: 2F 0-1: Called Strike 0-2: Ground out 5-3 (Groundball, 56S, EV 66.2 MPH)
|
Batting: SHB Ryohei Nakano
|
0-0: Called Strike 0-1: Called Strike 0-2: Ground out 6-3 (Groundball, 6, EV 101.9 MPH)
|
Batting: LHB Zach Rose
|
0-0: Called Strike 0-1: Ball 1-1: SINGLE (Line Drive, 7S, EV 101.2 MPH)
|
Batting: RHB Dustin Bursell
|
0-0: Fly out, F7 (Flyball, 7, EV 96.2 MPH)
|
Top of the 18th over - 0 runs, 1 hit, 0 errors, 1 left on base; Connecticut 6 - Mahoning Valley 6 |
BOTTOM OF THE 18TH |
Mahoning Valley Scrappers batting - Pitching for Connecticut Tigers : RHP Bert Hernandez
|
Pitching: RHP Matt Haberle
|
|
Batting: SHB Travis Burnett
|
0-0: Called Strike 0-1: Called Strike 0-2: Ball 1-2: Strikes out swinging
|
Batting: RHB Jesus Montana
|
0-0: DOUBLE (Line Drive, 9LS, EV 97.5 MPH)
|
Batting: RHB Jaquan Brown
|
0-0: Ball 1-0: Ball 2-0: Foul Ball, location: 2F 2-1: Ball 3-1: Base on Balls
|
Batting: RHB Reynaldo Herrera
|
0-0: Ball 1-0: Fly out, F7 (Flyball, 7LS, EV 80.6 MPH)
|
Batting: LHB Rich Walker
|
0-0: Ball 1-0: Fly out, F4 (Flyball, 34D, EV 93.8 MPH)
|
Bottom of the 18th over - 0 runs, 1 hit, 0 errors, 2 left on base; Connecticut 6 - Mahoning Valley 6 |
TOP OF THE 19TH |
Connecticut Tigers batting - Pitching for Mahoning Valley Scrappers : RHP Danny Roe
|
Batting: LHB Timotheus Young
|
0-0: Swinging Strike 0-1: Called Strike 0-2: Foul Ball, location: 2F 0-2: SOLO HOME RUN (Flyball, 9LD, EV 96.2 MPH), Distance : 338 ft
|
Batting: RHB Tony Nunez
|
0-0: Foul Ball, location: 2F 0-1: Ground out 3-1 (Groundball, 34, EV 80.0 MPH)
|
Batting: SHB Sean Foley
|
0-0: Ball 1-0: Called Strike 1-1: Foul Ball, location: 2F 1-2: Strikes out swinging
|
Batting: RHB Juan Acero
|
0-0: Ball 1-0: Called Strike 1-1: Swinging Strike 1-2: Strikes out looking
|
Top of the 19th over - 1 run, 1 hit, 0 errors, 0 left on base; Connecticut 7 - Mahoning Valley 6 |
BOTTOM OF THE 19TH |
Mahoning Valley Scrappers batting - Pitching for Connecticut Tigers : RHP Matt Haberle
|
Now in LF: Isao Fukui
|
|
Batting: RHB Jonathan Livingston
|
0-0: Fly out, F8 (Flyball, 8RXD, EV 103.1 MPH)
|
Batting: RHB Ricky Cordova
|
0-0: Called Strike 0-1: Foul Ball, location: 2F 0-2: Strikes out looking
|
Batting: RHB Kevin Wiles
|
0-0: Called Strike 0-1: Ball 1-1: Foul Ball, location: 2F 1-2: Fly out, F8 (Flyball, 8LXD, EV 93.8 MPH)
|
Bottom of the 19th over - 0 runs, 0 hits, 0 errors, 0 left on base; Connecticut 7 - Mahoning Valley 6 |
|